 Dungeon Crawl Stone Soup version 0.31-a0-151-ge443d1f16c (webtiles) character file.

Game seed: 6801844108213513750

507 qw the Skirmisher (level 6, -4/52 HPs)
             Began as a Minotaur Hunter on June 8, 2023.
             Was an Initiate of Okawaru.
             Slain by Duvessa
             ... wielding a +0 short sword
              (12 damage)
             ... on level 4 of the Dungeon.
             The game lasted 00:01:09 (3341 turns).

qw the Skirmisher (Minotaur Hunter)                 Turns: 3341, Time: 00:01:10

Health: -4/52      AC:  8    Str: 16    XL:     6   Next: 97%
Magic:  5/5        EV: 11    Int:  6    God:    Okawaru [......]
Gold:   235        SH:  0    Dex: 15    Spells: 5/5 levels left

rFire   . . .        Y - +1 orcbow
rCold   . . .        (shield currently unavailable)
rNeg    . . .        d - +0 ring mail
rPois   .            (helmet restricted)
rElec   .            g - +0 cloak
rCorr   .            j - +0 pair of gloves
SInv    .            (no boots)
Will    .....        f - amulet of the acrobat
Stlth   +            (no ring)
HPRegen 0.28/turn    (no ring)
MPRegen 0.09/turn

%: acrobat
@: no status effects
A: horns 2, retaliatory headbutt
a: Renounce Religion


You were on level 4 of the Dungeon.
You worshipped Okawaru.
Okawaru was noncommittal.
You visited 1 branch of the dungeon, and saw 5 of its levels.

You collected 235 gold pieces.


Innate Abilities, Weirdness & Mutations

You have a pair of horns on your head.
You reflexively headbutt those who attack you in melee.


   Skills:
 + Level 4.1 Fighting
 - Level 8.0 Ranged Weapons
 - Level 3.4 Armour
 - Level 2.1 Dodging
 - Level 0.7 Stealth


You had 5 spell levels left.
You didn't know any spells.
Your spell library was empty.

Inventory:

Hand Weapons
 Y - a +1 orcbow (weapon)
Armour
 d - a +0 ring mail (worn)
 g - a +0 cloak (worn)
 j - a +0 pair of gloves (worn)
Jewellery
 f - an amulet of the acrobat (around neck)
Scrolls
 a - a scroll of identify
Potions
 b - a potion of resistance
 c - a potion of might
 h - a potion of curing {unknown}
 k - a potion of brilliance {unknown}
 l - a potion of enlightenment {unknown}

Dungeon Overview and Level Annotations

Branches:
Dungeon (5/15)             Temple (0/1) D:4

Altars:
Cheibriados
Dithmenos
Fedhas
Makhleb
Okawaru
Wu Jian

Annotations:
D:4 Duvessa


Message History

3329 ||| PLANNING SEWER You shoot an arrow.
The arrow hits Dowan but does no damage.
You shoot an arrow. The arrow barely misses Dowan.
Duvessa, Sister of Dowan comes into view.
She is wielding a +0 short sword.
You shoot an arrow. The arrow hits Dowan.
Dowan is lightly wounded.
You shoot an arrow. The arrow hits Dowan!
Dowan is heavily wounded.
You shoot an arrow. The arrow hits Dowan!
Dowan is almost dead.
Dowan points at you and mumbles some strange words.
The puff of frost hits you.
Duvessa says, "When magic and the sword combine, nothing stands against them."
You shoot an arrow. The arrow closely misses Duvessa.
The arrow misses Dowan.
Dowan points at Duvessa and mumbles some strange words.
Duvessa seems to speed up.
You shoot an arrow. The arrow barely misses Duvessa.
The arrow hits Dowan!
You kill Dowan!
Okawaru accepts your kill.
Duvessa weeps, and shakes her weapon.
Duvessa goes berserk!
Your Ranged Weapons skill increases to level 8!
You shoot an arrow. The arrow hits Duvessa!
Duvessa is lightly wounded.
Duvessa hits you but does no damage.
You shoot an arrow. The arrow hits Duvessa!
Duvessa is moderately wounded.
Duvessa hits you with a +0 short sword! x2
3338 ||| STAIRDANCE Duvessa hits you with a +0 short sword!
You climb upwards.
There is a stone staircase leading down here.
You shoot an arrow. The arrow hits Duvessa!
Duvessa is heavily wounded.
Duvessa hits you with a +0 short sword! Duvessa hits you with a +0 short sword.
You shoot an arrow. The arrow hits Duvessa!
Duvessa is severely wounded.
Duvessa hits you with a +0 short sword!
You die...

#<# #.# #.# #.#
#.# #.#####
#...... #####
######.
#@..#############.
#.e...............
#....############+
#.##.### #..
#.##...# #..
#.####.##### #..
#.# #.....#####..
#.########........
#.................


You could see Duvessa (berserk, fast).

Vanquished Creatures
  An ogre (D:4)
  A scorpion (D:4)
  Dowan (D:5)
  A gnoll bouda (D:3)
  A hound (D:4)
  2 iguanas (D:4)
  6 gnolls (D:3)
  7 adders
  A white imp (D:4)
  2 dart slugs
  3 orcs
  8 ball pythons
  8 bats
  7 endoplasms
  8 giant cockroaches
  4 goblins
  6 hobgoblins
  2 kobolds
  A quokka (D:1)
  7 frilled lizards
  5 rats
82 creatures vanquished.

Notes
Turn   | Place    | Note
-------+----------+-------------------------------------------
     0 | D:1      | qw the Minotaur Hunter began the quest for the Orb.
     0 | D:1      | Reached XP level 1. HP: 18/18 MP: 0/0
     0 | D:1      | 0 ||| qw: Version: 0.2-a-120-gdf1a93b
     0 | D:1      | 0 ||| qw: Game counter: 3071
     0 | D:1      | 0 ||| qw: Always use a shield: true
     0 | D:1      | 0 ||| qw: God list: Okawaru
     0 | D:1      | 0 ||| qw: Allow faded altars: false
     0 | D:1      | 0 ||| qw: Do Orc after D:15 true
     0 | D:1      | 0 ||| qw: Do second Lair branch before Depths: true
     0 | D:1      | 0 ||| qw: Lair rune preference: random
     0 | D:1      | 0 ||| qw: Plans: Normal
     0 | D:1      | 0 ||| PLANNING D:1-11
   123 | D:1      | Reached XP level 2. HP: 24/25 MP: 1/1
   322 | D:1      | Reached skill level 5 in Ranged Weapons
   671 | D:1      | Reached skill level 3 in Fighting
   969 | D:1      | 969 ||| UPGRADING to +0 ring mail.
   979 | D:1      | 979 ||| DROPPING +0 leather armour.
   980 | D:1      | 980 ||| UPGRADING to +0 cloak.
   985 | D:1      | 985 ||| UPGRADING to amulet of the acrobat.
   990 | D:1      | 990 ||| DROPPING amulet of guardian spirit.
   991 | D:1      | 991 ||| READING 3 scrolls labelled FOMYBL MODIUTS.
   992 | D:1      | 992 ||| READING 2 scrolls of identify.
   992 | D:1      | 992 ||| IDENTIFYING amethyst potion
   993 | D:1      | 993 ||| DROPPING scroll of butterflies.
   994 | D:1      | 994 ||| DROPPING potion of ambrosia.
  1063 | D:2      | Reached skill level 1 in Armour
  1063 | D:2      | Reached XP level 3. HP: 31/31 MP: 2/2
  1223 | D:2      | Reached XP level 4. HP: 28/38 MP: 3/3
  1731 | D:2      | 1731 ||| UPGRADING to +0 pair of gloves.
  1736 | D:2      | 1736 ||| READING scroll labelled QASU GISOYC.
  1737 | D:2      | 1737 ||| READING 2 scrolls labelled ANOTOUTR DYXI.
  1738 | D:2      | 1738 ||| READING scroll of enchant weapon.
  1738 | D:2      | 1738 ||| ENCHANTING +1 shortbow.
  1739 | D:2      | 1739 ||| READING scroll labelled HUYLIONUYSM.
  1742 | D:2      | 1742 ||| READING 2 scrolls of identify.
  1742 | D:2      | 1742 ||| IDENTIFYING ruby potion
  1743 | D:2      | 1743 ||| DROPPING potion of magic.
  1788 | D:3      | Found a shadowy altar of Dithmenos.
  1825 | D:3      | Reached skill level 6 in Ranged Weapons
  1826 | D:3      | Found a faded altar of an unknown god.
  1848 | D:3      | 1848 ||| SWAPPING to +0 orcbow.
  1853 | D:3      | 1853 ||| DROPPING +2 shortbow.
  1926 | D:3      | Found an ornate altar of the Wu Jian Council.
  2013 | D:3      | 2013 ||| Stepping ~*~*~tactically~*~*~ (outnumbered).
  2015 | D:3      | 2015 ||| Stepping ~*~*~tactically~*~*~ (outnumbered).
  2017 | D:3      | 2017 ||| Stepping ~*~*~tactically~*~*~ (outnumbered).
  2018 | D:3      | 2018 ||| FLEEEEING.
  2028 | D:3      | HP: 9/40 [poisoned by a kobold]
  2029 | D:3      | Reached XP level 5. HP: 10/46 MP: 4/4
  2032 | D:3      | HP: 4/46 [poisoned by a kobold]
  2272 | D:3      | Found a burning altar of Makhleb.
  2348 | D:3      | Found a snail-covered altar of Cheibriados.
  2371 | D:3      | Found a blossoming altar of Fedhas.
  2594 | D:3      | 2594 ||| DRINKING 2 murky clear potions.
  2726 | D:4      | Reached skill level 7 in Ranged Weapons
  2740 | D:4      | 2740 ||| FLEEEEING.
  2741 | D:4      | 2741 ||| FLEEEEING.
  2742 | D:4      | 2742 ||| FLEEEEING.
  2756 | D:4      | Reached XP level 6. HP: 52/52 MP: 5/5
  2777 | D:4      | Reached skill level 3 in Armour
  2781 | D:4      | Found an iron altar of Okawaru.
  2782 | D:4      | 2782 ||| PLANNING OKAWARU WORSHIP
  2782 | D:4      | 2782 ||| READING scroll labelled OCURCH ZEGGU.
  2789 | D:4      | Became a worshipper of Warmaster Okawaru
  2789 | D:4      | 2789 ||| PLANNING D:1-11
  3210 | D:4      | Found a staircase to the Ecumenical Temple.
  3248 | D:4      | 3248 ||| READING scroll of enchant weapon.
  3248 | D:4      | 3248 ||| ENCHANTING +0 orcbow.
  3304 | D:4      | 3304 ||| READING 2 scrolls of identify.
  3304 | D:4      | 3304 ||| IDENTIFYING blue potion
  3328 | D:5      | Entered Level 5 of the Dungeon
  3328 | D:5      | Noticed Dowan
  3329 | D:5      | 3329 ||| PLANNING SEWER
  3330 | D:5      | Noticed Duvessa
  3335 | D:5      | Killed Dowan
  3336 | D:5      | Reached skill level 8 in Ranged Weapons
  3338 | D:5      | 3338 ||| STAIRDANCE
  3340 | D:4      | HP: 8/52 [Duvessa/+0 short sword (6)]
  3341 | D:4      | Slain by Duvessa

Levels and vault maps discovered:
D:1:      noname_arrival_rooms_in_the_neighbourhood, layout_basic
D:2:      minmay_chambers_of_ones, layout_basic, minmay_octomino_c4
D:3:      layout_loops_ring, nicolae_wu_jian_immortal_techniques,
          nicolae_overflow_quartered_altars, dreamdust_ecumenical_altar_grove
D:4:      layout_basic, okawaru_trees_1, minmay_temple_entry_poolview
D:5:      layout_basic, nicolae_yredelemnul_ghost_church,
          nicolae_gozag_zags_fifth_avenue, gup_sewer_entry_pipe, serial_shops,
          nicolae_shop_industrial_runoff, minmay_hollow_rounded_squares,
          uniq_menkaure, uniq_duvessa

Skill      XL: |  1  2  3  4  5  6 |
---------------+-------------------+-----
Ranged Weapons | 5 6 7 8 |  8.0
Fighting       | 3 4 |  4.1
Armour         | 1 3 |  3.4
Dodging        | |  2.1
Stealth        | |  0.7

Action                     |  1- 3 |  4- 6 || total
---------------------------+-------+-------++-------
   Fire: Shortbow          |   109 |    42 ||   151
         Orcbow            |       |   110 ||   110
    Use: Scroll            |     2 |     8 ||    10
         Potion            |       |     1 ||     1
 Armour: Leather armour    |    17 |       ||    17
         Ring mail         |    10 |    22 ||    32
  Dodge: Dodged            |    37 |    37 ||    74

Table legend:
 A = Non-vault XP
 B = Vault XP
 C = Vault XP percentage of total XP
 D = Non-vault monster count
 E = Vault monster count
 F = Vault count percentage of total count
                 A         B        C        D         E       F
            +---------+---------+-------+---------+---------+-------
      Total |     632 |      93 |  12.8 |      71 |      11 |  13.4
            +---------+---------+-------+---------+---------+-------
        D:1 |      36 |       0 |   0.0 |      20 |       0 |   0.0
        D:2 |      62 |      24 |  27.9 |      15 |      10 |  40.0
        D:3 |     164 |       0 |   0.0 |      20 |       0 |   0.0
        D:4 |     370 |       0 |   0.0 |      16 |       0 |   0.0
        D:5 |       0 |      69 | 100.0 |       0 |       1 | 100.0
            +---------+---------+-------+---------+---------+-------
